AoeStats
← 17_Neo_

Arena

507203260Analyzed
3v3 RM · 16d ago on Sep 17, 2026· 26m 12s· 6 players
Game mode
Random Map
Map size
Normal (6 player)
Population
200
Speed
Normal
Resources
Standard
Victory
Conquest
Starting age
Dark Age
Ending age
Imperial Age
RankedLock teamsTeams togetherTeam positionsShared explorationLock speedFull tech treeHidden civsTurbo modeCheats
Victory
Defeat
🇲🇽 Khmer · Mexico
1399
+15
🇲🇽 Romans · Mexico
1365
+16
🇲🇽 Cumans · Mexico
1329
+18
🇨🇴 Koreans · Colombia
1395
-17
🇨🇴 Bohemians · Colombia
1366
-16
🇨🇴 Teutons · Colombia
1364
-16
SCP Faf
7:55 Loom
10:10 Feudal Age
10:34 Loom
13:37 Castle Age
12:43 Double-Bit Axe
16:26 Horse Collar
18:38 Scale Barding Armor
19:35 Husbandry
20:28 Wheelbarrow
20:04 Forging
21:54 Bloodlines
26:22 Chain Barding Armor
[SCP] Draper
9:40 Feudal Age
10:01 Loom
10:38 Double-Bit Axe
12:41 Fletching
17:59 Horse Collar
25:36 Castle Age
24:26 Scale Barding Armor
24:51 Gold Mining
25:57 Bloodlines
Dr. Sky
10:03 Feudal Age
11:45 Loom
14:32 Castle Age
12:40 Double-Bit Axe
19:34 Bow Saw
21:35 Ballistics
Logan
11:49 Feudal Age
10:08 Loom
13:51 Wheelbarrow
18:22 Castle Age
RAGNAROK
12:02 Feudal Age
14:27 Wheelbarrow
14:26 Double-Bit Axe
16:47 Castle Age
15:50 Bloodlines
15:46 Scale Barding Armor
15:40 Horse Collar
23:06 Loom
17_Neo_
9:10 Loom
11:40 Feudal Age
15:47 Castle Age
13:39 Double-Bit Axe
13:59 Horse Collar
24:15 Fletching
Connection lost

Rejoining the realm…

Still unreachable

The connection could not be restored.

Session expired

The server has moved on; the page needs a fresh start.